 Dungeon Crawl Stone Soup version 0.32-a0-433-g08bcfe7efd (console) character file.

Game seed: 7973034914965729791

5 zenocrate the Sneak (level 1, 0/18 HPs)
             Began as a Demonspawn Delver on Feb 22, 2024.
             Slain by an ufetubus (3 damage)
             ... on level 5 of the Dungeon.
             The game lasted 00:00:58 (80 turns).

zenocrate the Sneak (Demonspawn Delver)               Turns: 80, Time: 00:00:59

Health: 0/18       AC:  3    Str: 12    XL:     1   Next: 66%
Magic:  1/1        EV: 11    Int: 10    God:
Gold:   0          SH:  0    Dex: 14    Spells: 0/0 levels left

rFire   . .          .
                       - Unarmed
rCold   . . .        (no shield)
rNeg    . . .        a - +0 leather armour
rPois   .            (no helmet)
rElec   .            (no cloak)
rCorr   .            (no gloves)
SInv    .            (no boots)
Will    .....        (no amulet)
Stlth   ++           (no ring)
HPRegen 0.23/turn    (no ring)
MPRegen 0.07/turn

%: no passive effects
@: hasted, very quick
A: no striking features
a: no special abilities


You were on level 5 of the Dungeon.
You visited 1 branch of the dungeon, and saw 1 of its levels.

Inventory:

Armour
 a - a +0 leather armour (worn)
Wands
 f - a wand of digging (3)
Scrolls
 b - a scroll of fog
 d - a scroll of fear


   Skills:
 - Level 3.0 Fighting
 - Level 1.7 Dodging
 - Level 4.5 Stealth
 + Level 2.2 Unarmed Combat


You couldn't memorise any spells.
You didn't know any spells.
Your spell library was empty.

Dungeon Overview and Level Annotations

Branches:
Dungeon (5/15)
 Temple: D:4-7

Altars:


Message History

Found an opal ring.
You catch the helpless ufetubus completely off-guard!
You hit the ufetubus.
The ufetubus is moderately wounded.
The ufetubus hits you. The ufetubus closely misses you.
An ufetubus comes into view.
The ufetubus shouts!
You hit the ufetubus.
The ufetubus is severely wounded.
You hear a shout! x2
The ufetubus barely misses you.
The ufetubus hits you but does no damage.
The ufetubus slips past you! The ufetubus closely misses you.
The ufetubus barely misses you.
Okay, then.
You closely miss the ufetubus.
The ufetubus is severely wounded.
The ufetubus hits you. The ufetubus barely misses you.
You closely miss the ufetubus.
The ufetubus is severely wounded.
The ufetubus closely misses you.
The ufetubus hits you but does no damage.
You hit the ufetubus but do no damage.
The ufetubus is severely wounded.
The ufetubus slips past you! The ufetubus completely misses you.
The ufetubus barely misses you. The ufetubus hits you. x3
The ufetubus hits you but does no damage.
The ufetubus misses you. x2
Unknown command.
You hit the ufetubus.
You kill the ufetubus!
The ufetubus barely misses you.
The ufetubus hits you but does no damage.
Your Unarmed Combat skill increases to level 2!
Unknown command.
You feel yourself speed up. The ufetubus hits you.
The ufetubus closely misses you. The ufetubus hits you.
* * * LOW HITPOINT WARNING * * *
The ufetubus hits you.
* * * LOW HITPOINT WARNING * * *
You barely miss the ufetubus. The ufetubus closely misses you.
The ufetubus hits you.
You die...

,,,,,,,,,*,,,,,,,,,,,*,,,,,,,,,,+
,,,,,,,,,*,,,,,,,,,,,*,,,,,,,,,,*
,,,****'**###+**,,*******#*******
*+****,,**#...##########..***_*_*
,,,,*,,,,,................,*ß,*,*
,,,,',,,,.................,,,,,,,
,,,,*,,,,=........>.......,,,,,,,
,,,,*,,,,.................,*ß,*,*
,**,***,,###'###..###+#######_***
,********###..##..##..###...#####
,,,,,,,,,..#....@..#....#.......#
,,,,,,,,,..#....5..#....#.......#
,,,,,,,,,..#.......'....#.......#
,*******+#######..##..###.......#
,***,**,,#.....#..##..######....#
,,,+,,,,,#...).'...........#....'
,,,*,,,,,#.....#...........'....#
****,,***#.....#..##..######....#
,,**,>*,,..#########..###..#....#
,,*,,,*,,..########.....<..#....#
,,*,,,*,,..########........#....'


You could see an ufetubus.

Vanquished Creatures
  An ufetubus (D:5)
1 creature vanquished.

Notes
Turn   | Place    | Note
-------+----------+-------------------------------------------
     0 | D:5      | zenocrate the Demonspawn Delver began the quest for the
                  | Orb.
     0 | D:5      | Reached XP level 1. HP: 18/18 MP: 1/1
    80 | D:5      | Slain by an ufetubus

Illustrated notes

Levels and vault maps discovered:
D:5:      layout_gridville, minitemple, nicolae_ru_the_path_less_chosen,
          enter_ossuary_4

Skill      XL: |  1 |
---------------+----+-----
Unarmed Combat | 2 |  2.2
Fighting       | |  3.0
Dodging        | |  1.7
Stealth        | |  4.5

Action                     || total
---------------------------++-------
  Melee: Unarmed           ||     7
    Use: Scroll            ||     1
         Potion            ||     1
   Stab: Distracted        ||     1
 Armour: Leather armour    ||    13
  Dodge: Dodged            ||    13

Table legend: (Time is in decaauts)
 A = Elapsed time spent in this place.
 B = Non-inter-level travel time spent in this place.
 C = Inter-level travel time spent in this place.
 D = Time resting spent in this place.
 E = Time spent auto-exploring this place.
 F = Levels seen in this place.
 G = Mean time per level.
                   A        B        C        D        E       F      G
               +--------+--------+--------+--------+--------+-----+--------+
         Total |     79 |     79 |      0 |      0 |     65 |   1 |   79.0 |
       Dungeon |     79 |     79 |      0 |      0 |     65 |   1 |   79.0 |
               +--------+--------+--------+--------+--------+-----+--------+

Top non-repeatable levels by time:
     D:5: 79 daAuts
